 Dungeon Crawl Stone Soup version 0.30-a0-591-g3c58d2bc28 (webtiles) character file.

Game seed: 11055517061469381849

196 TrayleKats the Grasshopper (level 5, 0/49 HPs)
             Began as a Naga Warper on Jan 4, 2023.
             Slain by a river rat (5 damage)
             ... in a sewer.
             The game lasted 00:05:15 (2441 turns).

TrayleKats the Grasshopper (Naga Warper)            Turns: 2441, Time: 00:05:16

Health: 0/49       AC:  4    Str: 15    XL:     5   Next: 75%
Magic:  9/9        EV:  9    Int: 14    God:
Gold:   148        SH:  0    Dex: 10    Spells: 9/9 levels left

rFire   + . .      SeeInvis +    q - +4 long sword
rCold   . . .      Faith    .    (no shield)
rNeg    . . .      Spirit   .    b - +0 leather armour
rPois   +          Reflect  .    g - +0 helmet
rElec   .          Harm     .    (no cloak)
rCorr   .          Rampage  .    (no gloves)
Will    .....                    (no barding)
Stlth   ++                       (no amulet)
HPRegen 0.28/turn                e - ring of protection from fire
MPRegen 0.11/turn                (no ring)

@: mighty, very slow
A: AC +1, large, see invisible, deformed body, poison resistance, slowness 2,
spit poison 1, naga tail 1
a: Spit Poison


You were in a sewer.
You visited 1 branch of the dungeon, and saw 3 of its levels.
You also visited: Sewer.

You collected 148 gold pieces.

Inventory:

Hand Weapons
 n - a +0 war axe
 q - a +4 long sword (weapon)
Missiles
 d - 6 boomerangs of dispersal
 m - 9 poisoned darts
Armour
 b - a +0 leather armour (worn)
 g - a +0 helmet (worn)
Jewellery
 e - a ring of protection from fire (left hand)
Scrolls
 c - 2 scrolls of blinking
 j - a scroll of fog
 k - a scroll of identify
 s - a scroll of teleportation
Potions
 a - 2 potions of haste {unknown}
 f - a potion of might
 h - a potion of berserk rage {unknown}
 i - 3 potions of brilliance
 l - 3 potions of flight {unknown}
 o - 2 potions of magic
 p - a potion of curing {unknown}
 r - 2 potions of invisibility {unknown}
 t - a potion of cancellation {unknown}


   Skills:
 + Level 3.0 Fighting
 + Level 1.6(2.2) Axes
 - Level 2.4(2.6) Maces & Flails
 - Level 0.8 Throwing
 - Level 0.7 Armour
 - Level 1.5 Dodging
 + Level 3.5 Stealth
 + Level 2.9 Spellcasting
 + Level 3.8 Translocations


You had 9 spell levels left.
You didn't know any spells.
Your spell library contained the following spells:

 Spells                   Type           Power      Damage    Failure   Level
 Blink                    Tloc           24%        N/A       9%          2
 Lesser Beckoning         Tloc           24%        N/A       16%         3
 Teleport Other           Tloc           12%        N/A       16%         3
 Vhi's Electric Charge    Tloc/Air       14%        N/A       34%         3
 Manifold Assault         Tloc           12%        N/A       47%         4


Dungeon Overview and Level Annotations

Branches:
Dungeon (3/15)              Sewer (1/1)

Altars:


Innate Abilities, Weirdness & Mutations

Your serpentine skin is tough. (AC +1)
You have supernaturally acute eyesight. (SInv)
Armour fits poorly on your strangely shaped body.
Your system is resistant to poisons. (rPois)
You cover ground very slowly.
You can spit poison.
You have a snake-like lower body.


Message History

The adder bites you but does no damage.
You hit the adder but do no damage.
You feel sick. The adder barely misses you. x2
You hit the adder.
The adder is heavily wounded.
You feel sick.
You are no longer poisoned.
The adder barely misses you. The adder closely misses you.
You miss the adder.
The adder is heavily wounded.
The adder bites you but does no damage. The adder closely misses you.
You miss the adder.
The adder is heavily wounded.
The adder bites you but does no damage. The adder closely misses you.
You hit the adder.
The adder is severely wounded.
The adder barely misses you. The adder bites you.
* * * LOW HITPOINT WARNING * * *
Aiming: Spit Poison (1% risk of failure)
Press: ? - help, Q - select action, (/) - cycle Shift-Dir - straight line, f - adder
Aim: an adder (severely wounded, 37% to hit)
The splash of poison hits the adder!
The adder is poisoned.
You kill the adder!
The river rat barely misses you.
You hit the river rat but do no damage. The river rat bites you.
* * * LOW HITPOINT WARNING * * *
You slash the river rat!
The river rat is severely wounded.
The river rat bites you.
* * * LOW HITPOINT WARNING * * *
It was a potion of magic.
Magic courses through your body.
You have got your breath back.
The river rat bites you but does no damage.
It was a potion of might.
You feel very mighty all of a sudden. The river rat bites you.
* * * LOW HITPOINT WARNING * * *
You closely miss the river rat.
The river rat is severely wounded.
The river rat barely misses you. The river rat bites you.
You die...

#≈≈≈≈≈≈≈≈≈≈≈≈~~~~~~~~~~~≈≈≈≈
#≈≈≈≈≈≈≈≈≈≈≈≈≈≈≈~~~~~~≈≈≈≈≈≈≈
#≈#≈≈≈≈≈≈≈≈≈≈≈~≈~≈≈≈~~~~~~≈≈≈≈
≈#≈≈≈≈≈≈≈~≈≈≈~≈~~~~~~~~~~~~≈≈≈
≈~~~≈~~~~~~.........~~~~~
##~~....##.............
##......####........##..
......r...##......†###..
.......@†........††.###.
.....###.....####....†.. ...
###..## ###..... # #### ######


You could see a river rat.

Vanquished Creatures
  A gnoll (D:1)
  6 adders
  6 river rats (Sewer)
  5 ball pythons
  5 bats
  2 endoplasms (D:2)
  3 giant cockroaches
  5 hobgoblins
  2 jackals (D:1)
  8 quokkas
  2 frilled lizards
  3 goblins
  16 kobolds
  22 rats
86 creatures vanquished.

Notes
Turn   | Place    | Note
-------+----------+-------------------------------------------
     0 | D:1      | TrayleKats the Naga Warper began the quest for the Orb.
     0 | D:1      | Reached XP level 1. HP: 19/19 MP: 3/3
    65 | D:1      | Reached skill level 1 in Stealth
    65 | D:1      | Reached XP level 2. HP: 26/26 MP: 5/5
   867 | D:2      | Reached XP level 3. HP: 32/32 MP: 6/6
  1309 | D:1      | Reached XP level 4. HP: 15/40 MP: 7/7
  1708 | D:3      | Found a faded altar of an unknown god.
  1747 | D:3      | Found a glowing drain.
  1773 | Sewer    | Entered a sewer
  1925 | Sewer    | Reached skill level 1 in Axes
  2022 | Sewer    | Reached XP level 5. HP: 36/46 MP: 9/9
  2441 | Sewer    | Slain by a river rat

Illustrated notes

Levels and vault maps discovered:
D:1:      kennysheep_arrival_forest, layout_basic,
          chequers_serial_rivers_micro_d, dreamdust_princess_corridor,
          chequers_serial_rivers_large_b, nrook_mini_vaults
D:2:      layout_rooms
D:3:      layout_loops_corners, portal_sewer_entry_f, serial_shops,
          nicolae_shop_hallway_plus, nicolae_ecumenical_oubliette,
          minmay_increasing_density, uniq_natasha, uniq_terence
Sewer:    sewer_minmay_treatment

Skill      XL: |  1  2  3  4  5 |
---------------+----------------+-----
Stealth        | 1 2 3 |  3.5
Axes           | 1 |  1.6
Fighting       | 3 |  3.0
Maces & Flails | |  2.4
Throwing       | |  0.8
Armour         | |  0.7
Dodging        | |  1.5
Spellcasting   | |  2.9
Translocations | |  3.8

Action                   |  1- 3 |  4- 6 || total
-------------------------+-------+-------++-------
Melee: Mace              |    24 |       ||    24
       War axe           |    48 |       ||    48
       Long sword        |     8 |   147 ||   155
       Punch             |       |     1 ||     1
Throw: Boomerang         |     1 |       ||     1
 Abil: Spit Poison       |    22 |    12 ||    34
  Use: Scroll            |       |     4 ||     4
       Potion            |       |     2 ||     2
Armor: Leather armour    |    59 |    85 ||   144
Dodge: Dodged            |    95 |   126 ||   221

Table legend: (Time is in decaauts)
 A = Elapsed time spent in this place.
 B = Non-inter-level travel time spent in this place.
 C = Inter-level travel time spent in this place.
 D = Time resting spent in this place.
 E = Time spent auto-exploring this place.
 F = Levels seen in this place.
 G = Mean time per level.
                   A        B        C        D        E       F      G
               +--------+--------+--------+--------+--------+-----+--------+
         Total |   3112 |   2998 |    114 |     73 |   2154 |   4 |  778.0 |
       Dungeon |   2313 |   2199 |    114 |     73 |   1629 |   3 |  771.0 |
         Sewer |    798 |    798 |      0 |      0 |    525 |   1 |  798.0 |
               +--------+--------+--------+--------+--------+-----+--------+

Top non-repeatable levels by time:
     D:1: 1345 daAuts
     D:2: 899 daAuts
   Sewer: 798 daAuts
     D:3: 68 daAuts
